 Dungeon Crawl Stone Soup version 0.23.2 (webtiles) character file.

Game seed: 14179233802124885420

154 Freyura the Covered (level 5, -1/33 HPs)
             Began as a Gargoyle Fighter on Apr 11, 2019.
             Was an Initiate of Elyvilon.
             Slain by an ogre
             ... wielding a +0 giant spiked club
              (23 damage)
             ... on level 4 of the Dungeon.
             The game lasted 00:08:22 (2603 turns).

Freyura the Covered (Gargoyle Fighter)              Turns: 2603, Time: 00:08:23

Health: -1/33      AC: 13    Str: 24    XL:     5   Next: 35%
Magic:  5/5        EV:  6    Int:  9    God:    Elyvilon [......]
Gold:   235        SH:  9    Dex: 10    Spells: 4/4 levels left

rFire    + . .     SeeInvis .   m - +0 morningstar
rCold    . . .     Gourm    .   c - +0 shield
rNeg     + . .     Faith    .   g - +0 chain mail
rPois    ∞         Spirit   .   (no helmet)
rElec    +         Reflect  .   (no cloak)
rCorr    .         Harm     .   (no gloves)
MR       .....                  (no boots)
Stlth    ..........             (no amulet)
HPRegen  0.11/turn              i - ring of protection from fire
MPRegen  0.09/turn              w - +5 ring of strength

@: no status effects
A: negative energy resistance 1, electricity resistance, unbreathing,
petrification resistance, rot immunity, AC +4
a: Renounce Religion


You were on level 4 of the Dungeon.
You worshipped Elyvilon.
Elyvilon was noncommittal.
You were not hungry.

You visited 1 branch of the dungeon, and saw 4 of its levels.

You collected 235 gold pieces.

Inventory:

Hand Weapons
 m - a +0 morningstar (weapon)
Armour
 c - a +0 shield (worn)
 g - a +0 chain mail (worn)
Jewellery
 i - a ring of protection from fire (left hand)
 w - a +5 ring of strength (right hand)
Scrolls
 h - 2 scrolls of remove curse
 l - a scroll of identify
 n - 3 scrolls of teleportation
Potions
 d - a potion of resistance {unknown}
 j - a potion of mutation {unknown}
 o - a potion of invisibility {unknown}
 p - 2 potions of curing {unknown}
 q - 2 potions of heal wounds {unknown}
 r - a potion of haste {unknown}
 t - a potion of berserk rage {unknown}
 u - 2 potions of degeneration {unknown}
 v - 2 potions of magic {unknown}
Comestibles
 f - 8 rations


   Skills:
 + Level 3.8 Fighting
 * Level 3.5 Maces & Flails
 + Level 4.0 Armour
 + Level 1.2 Dodging
 + Level 3.9 Shields
 + Level 0.3 Invocations


You had 4 spell levels left.
You didn't know any spells.
Your spell library was empty.

Dungeon Overview and Level Annotations

Branches:
Dungeon (4/15)
 Temple: D:4-7

Altars:
Elyvilon
Fedhas
Gozag
Trog


Innate Abilities, Weirdness & Mutations

You are resistant to torment.
Your stone body is resilient. (AC +4)
You are immune to poison.
You resist negative energy. (rN+)
You are resistant to electric shocks. (rElec)
You can survive without breathing.
You are immune to petrification.
You are immune to rotting.


Message History

You now have 226 gold pieces (gained 8).
Found an opulent altar of Gozag.
No target in view!
You now have 228 gold pieces (gained 2).
You now have 230 gold pieces (gained 2).
You now have 232 gold pieces (gained 2).
You now have 233 gold pieces (gained 1).
You now have 234 gold pieces (gained 1).
You now have 235 gold pieces (gained 1).
An ogre comes into view. It is wielding a +0 giant spiked club.
You barely miss the ogre.
The ogre hits you with a +0 giant spiked club!
You hit the ogre.
The ogre is lightly wounded.
The ogre completely misses you.
You sock the ogre!
The ogre is heavily wounded.
The ogre hits you with a +0 giant spiked club!!
Ouch! That really hurt!
You die...

#.....#
#.# #
#.##.##
#<# #
#.##.#
#.# #
#.##.#
#.# #
#$$..#
#.# #
#._..#
#†# #
#....#
#.# #
#....#
#.#
#@...#
#.#
#O#.##
#.#
#.#.#
#.#
#.#.#
#.#
.....
#.#..
#.# ..#


You could see an ogre.

Vanquished Creatures
  Terence (D:2)
  6 adders
  2 oozes
  3 worms
  A dart slug (D:4)
  2 leopard geckos (D:1)
  2 orcs
  8 bats
  2 giant cockroaches (D:1)
  6 goblins
  7 hobgoblins
  4 jackals (D:3)
  3 frilled lizards
  2 kobolds
  7 rats
56 creatures vanquished.

Notes
Turn   | Place    | Note
-------+----------+-------------------------------------------
     0 | D:1      | Freyura the Gargoyle Fighter began the quest for the Orb.
     0 | D:1      | Reached XP level 1. HP: 14/14 MP: 1/1
   296 | D:1      | Reached XP level 2. HP: 19/19 MP: 2/2
   431 | D:1      | Reached XP level 3. HP: 17/23 MP: 3/3
   970 | D:2      | Noticed Terence
   973 | D:2      | Killed Terence
   973 | D:2      | Reached XP level 4. HP: 28/29 MP: 4/4
  1203 | D:2      | Reached skill level 1 in Dodging
  1984 | D:3      | Found a bloodstained altar of Trog.
  1984 | D:3      | Found a blossoming altar of Fedhas.
  2021 | D:3      | Reached XP level 5. HP: 33/33 MP: 5/5
  2064 | D:3      | Reached skill level 4 in Armour
  2194 | D:3      | Found a white marble altar of Elyvilon.
  2214 | D:3      | Became a worshipper of Elyvilon the Healer
  2584 | D:4      | Found an opulent altar of Gozag.
  2597 | D:4      | Noticed an ogre
  2603 | D:4      | Slain by an ogre

Skill      XL: |  1  2  3  4  5 |
---------------+----------------+-----
Maces & Flails | 3 |  3.5
Dodging        | 1 |  1.2
Armour         | 4 |  4.0
Fighting       | |  3.8
Shields        | |  3.9
Invocations    | |  0.3

Action                   |  1- 3 |  4- 6 || total
-------------------------+-------+-------++-------
Melee: Flail             |   123 |    29 ||   152
       Morningstar       |       |    89 ||    89
  Use: Potion            |     1 |       ||     1
       Scroll            |       |     5 ||     5
  Eat: Ration            |       |     2 ||     2
       Chunk             |       |     1 ||     1
Armor: Scale mail        |    62 |    67 ||   129
       Chain mail        |       |     3 ||     3
Dodge: Dodged            |    44 |    47 ||    91
Block: Shield            |    65 |    52 ||   117
